WCHLSIM.com - West Coast Hockey League
html PUBLIC "-//W3C//DTD XHTML 1.0 Transitional//EN" "http://www.w3.org/TR/xhtml1/DTD/xhtml1-transitional.dtd"> WCHL - Game 424 - SACRAMENTO BANDITS vs LAS VEGAS LIZARD KINGS

SACRAMENTO BANDITS vs LAS VEGAS LIZARD KINGS

Created - 13 janvier 2021 at 21:56

Goals
1 2 3 T
SACRAMENTO BANDITS 1 1 1 3
LAS VEGAS LIZARD KINGS 1 3 0 4
Shots
1 2 3 T
SACRAMENTO BANDITS 8 13 11 32
LAS VEGAS LIZARD KINGS 5 14 4 23

1st period

1. LAS VEGAS LIZARD KINGS , Sean Monahan 9 (Barclay Goodrow 16, Matt Roy 5) at 3:49
2. SACRAMENTO BANDITS , Matt Duchene 8 (John Carlson 20, Alexander DeBrincat 12) at 7:56

Penalties :
No Penalty

2nd period

3. LAS VEGAS LIZARD KINGS , Victor Olofsson 7 (Ryan Nugent-Hopkins 25, Sean Monahan 12) at 9:10 (PP)
4. SACRAMENTO BANDITS , Jamie Benn 7 (Aleksander Barkov 17, John Carlson 21) at 12:15
5. LAS VEGAS LIZARD KINGS , Ryan Nugent-Hopkins 15 (Brayden McNabb 7, Matt Niskanen 9) at 18:14
6. LAS VEGAS LIZARD KINGS , Ryan Nugent-Hopkins 16 (Brayden McNabb 8, Matt Niskanen 10) at 18:44

Penalties :
Filip Hronek (SAC) for Tripping (Minor) at 4:55, Jamie Benn (SAC) for Tripping (Minor) at 8:37, Brayden McNabb (LVG) for Holding (Minor) at 9:17, John Marino (LVG) for Roughing (Minor) at 17:52, Jamie Benn (SAC) for Cross-checking (Minor) at 17:52

3rd period

7. SACRAMENTO BANDITS , Jamie Benn 8 (Aleksander Barkov 18, Sam Reinhart 7) at 10:37

Penalties :
Josh Manson (SAC) for Hooking (Minor) at 13:37, Erik Johnson (SAC) for Tripping (Minor) at 19:08

Goalie Stats

Andrei Vasilevskiy (SAC), 4 saves from 4 shots - (1,000), 21:16 minutes
Craig Anderson (SAC), 15 saves from 19 shots - (0,789), L, 2-3-0, 38:44 minutes
Alex Stalock (LVG), 29 saves from 32 shots - (0,906), W, 5-3-1, 60:00 minutes

Players Stats for SACRAMENTO BANDITS

Player Name              G  A  P  +/- PIM S  H  SB GA TA FO     MP     PP MP  PK MP  
------------------------------------------------------------------------------------
Aleksander Barkov        0  2  2   1  0   3  0  0  0  0  13/21  19:03   1:03   2:41 
Alexander DeBrincat      0  1  1   0  0   2  0  0  0  0  0/0    13:00   0:56   0:00 
Colton Sissons           0  0  0   0  0   0  2  0  0  0  0/0    14:07   0:00   2:03 
Erik Johnson             0  0  0  -1  2   1  2  1  0  0  0/0    20:53   1:03   2:01 
Filip Hronek             0  0  0   2  2   1  2  0  0  0  0/0    20:22   0:56   1:15 
Jamie Benn               2  0  2   2  4   2  2  0  0  0  1/1    17:05   0:00   2:46 
Jay Beagle               0  0  0   0  0   0  0  0  0  0  4/6     7:08   0:00   0:00 
John Carlson             0  2  2   2  0   1  1  0  0  0  0/0    25:23   1:03   2:49 
Jonathan Huberdeau       0  0  0  -1  0   2  1  0  0  0  0/1    20:16   1:03   1:08 
Josh Manson              0  0  0  -1  2   0  2  0  0  0  0/0    14:08   0:00   0:51 
Justin Williams          0  0  0   0  0   1  0  0  0  0  0/0     7:08   0:00   0:00 
Lars Eller               0  0  0  -1  0   2  1  1  0  0  18/28  20:14   0:00   2:06 
Luca Sbisa               0  0  0  -1  0   0  0  0  0  0  0/0    15:07   0:00   1:49 
Matt Duchene             1  0  1   0  0   5  1  0  0  0  11/17  13:00   0:56   0:00 
Mattias Ekholm           0  0  0  -1  0   3  2  4  0  0  0/0    24:04   0:56   1:59 
Nicolas Aube-Kubel       0  0  0   0  0   1  1  0  0  0  0/0     7:08   0:00   0:00 
Patrik Laine             0  0  0  -1  0   6  2  0  0  0  0/0    19:11   1:03   0:00 
Sam Reinhart             0  1  1   2  0   2  1  0  0  0  0/0    15:17   0:56   0:00 

Players Stats for LAS VEGAS LIZARD KINGS

Player Name              G  A  P  +/- PIM S  H  SB GA TA FO     MP     PP MP  PK MP  
------------------------------------------------------------------------------------
Barclay Goodrow          0  1  1   0  0   3  2  1  0  0  2/7    19:14   2:25   1:13 
Bobby Ryan               0  0  0   0  0   2  0  0  0  0  1/1    12:16   0:00   0:40 
Brayden McNabb           0  2  2   0  2   0  1  1  0  0  0/0    21:26   0:00   0:00 
Derek Ryan               0  0  0   0  0   1  0  0  0  0  4/12   11:56   0:00   0:15 
Drake Caggiula           0  0  0   0  0   1  0  0  0  0  0/0     6:54   0:00   1:05 
Evan Rodrigues           0  0  0   2  0   0  0  0  0  0  0/0     7:12   0:00   0:00 
Jeff Skinner             0  0  0   0  0   2  0  0  0  0  0/2    13:30   2:25   0:00 
John Marino              0  0  0   0  2   1  2  2  0  0  0/0    20:42   3:31   0:36 
Johnny Gaudreau          0  0  0  -2  0   2  2  0  0  0  0/1    21:41   3:31   0:00 
Matt Niskanen            0  2  2   0  0   0  1  2  0  0  0/0    22:50   0:00   1:23 
Matt Roy                 0  1  1   0  0   0  4  1  0  0  0/0    16:31   1:51   0:04 
Mirco Mueller            0  0  0   0  0   0  1  1  0  0  0/0    15:34   0:00   0:58 
Nino Niederreiter        0  0  0   0  0   0  0  0  0  0  0/1    18:32   2:25   0:31 
Olli Maatta              0  0  0   0  0   0  3  1  0  0  0/0    19:24   1:51   0:57 
Ryan Nugent-Hopkins      2  1  3   0  0   5  1  0  0  0  5/20   22:35   2:57   0:00 
Sean Monahan             1  1  2   0  0   4  0  0  0  0  12/21  18:47   2:57   0:14 
Victor Olofsson          1  0  1  -2  0   1  1  0  0  0  0/2    21:07   2:57   0:00 
Zemgus Girgensons        0  0  0   0  0   1  0  0  0  0  3/7     5:49   0:00   0:00 

3 Stars

1 - Ryan Nugent-Hopkins (LVG)
2 - Jamie Benn (SAC)
3 - Sean Monahan (LVG)

Power Play

SACRAMENTO BANDITS - 0 on 1 Attempt(s) - 0,00%
LAS VEGAS LIZARD KINGS - 1 on 4 Attempt(s) - 25,00%

Penalty Kill

SACRAMENTO BANDITS - 3 on 4 Attempt(s) - 75,00% - Score 0 goal in Penalty Kill
LAS VEGAS LIZARD KINGS - 1 on 1 Attempt(s) - 100,00% - Score 0 goal in Penalty Kill

Team Stat

SACRAMENTO BANDITS - Hits : 20 - Faceoff Wins : 47 - Blocked Shots : 6 - Penalty Minutes : 10
LAS VEGAS LIZARD KINGS - Hits : 18 - Faceoff Wins : 27 - Blocked Shots : 9 - Penalty Minutes : 4

Official

Referees : Peter MacDougall and Kelly Sutherland
Linesman : Ryan Galloway and David Brisebois

Game Notes

Andrei Vasilevskiy enters game at 18:44 of 2nd period

Finance

Level 1 -- Attendance: 4140 (66,03%) -- Ticket Income 1 035 000 $
Level 2 -- Attendance: 2917 (54,83%) -- Ticket Income 525 060 $
Level 3 -- Attendance: 1142 (54,64%) -- Ticket Income 171 300 $
Level 4 -- Attendance: 2440 (56,48%) -- Ticket Income 268 400 $
Luxury Box -- Attendance: 720 (72,00%) -- Ticket Income 288 000 $
Game was played at the Casino Square Garden.
Total Attendance: 11359 (59,78%)
Total Ticket Income: 2 287 760 $
Other Expense: 22 878 $
Total Income: 2 264 882 $

SACRAMENTO BANDITS

5 vs 5 Forward 
   Center                   Left Wing                Right Wing               Time % Phy DF OF 
 1 Lars Eller               Jonathan Huberdeau       Patrik Laine             36     1   2  2  
 2 Aleksander Barkov        Jamie Benn               Sam Reinhart             31     1   2  2  
 3 Matt Duchene             Alexander DeBrincat      Colton Sissons           23     1   2  2  
 4 Jay Beagle               Nicolas Aube-Kubel       Justin Williams          10     1   2  2  

5 vs 5 Defense 
   Defense                  Defense                                           Time % Phy DF OF 
 1 John Carlson             Filip Hronek                                      36     1   2  2  
 2 Mattias Ekholm           Erik Johnson                                      31     1   2  2  
 3 Josh Manson              Luca Sbisa                                        23     1   2  2  
 4 John Carlson             Mattias Ekholm                                    10     1   2  2  

PowerPlay Forward 
   Center                   Left Wing                Right Wing               Time % Phy DF OF 
 1 Aleksander Barkov        Jonathan Huberdeau       Patrik Laine             55     1   2  2  
 2 Matt Duchene             Alexander DeBrincat      Sam Reinhart             45     1   2  2  

PowerPlay Defense
   Defense                  Defense                                           Time % Phy DF OF 
 1 John Carlson             Erik Johnson                                      55     1   2  2  
 2 Mattias Ekholm           Filip Hronek                                      45     1   2  2  

Penalty Kill 4 Players Forward 
   Center                   Wing                     Time % Phy DF OF 
 1 Lars Eller               Jamie Benn               55     1   2  2  
 2 Aleksander Barkov        Colton Sissons           45     1   2  2  

Penalty Kill 4 Players Defense
   Defense                  Defense                  Time % Phy DF OF 
 1 John Carlson             Erik Johnson             55     1   2  2  
 2 Mattias Ekholm           Filip Hronek             45     1   2  2  

Penalty Kill - 3 Players Forward 
   Forward                                           Time % Phy DF OF 
 1 Lars Eller                                        55     1   2  2  
 2 Aleksander Barkov                                 45     1   2  2  

Penalty Kill - 3 Players Defense
   Defense                  Defense                  Time % Phy DF OF 
 1 John Carlson             Erik Johnson             55     1   2  2  
 2 Mattias Ekholm           Luca Sbisa               45     1   2  2  

4 vs 4 Forward 
   Center                   Wing                     Time % Phy DF OF 
 1 Aleksander Barkov        Jonathan Huberdeau       55     1   2  2  
 2 Lars Eller               Patrik Laine             45     1   2  2  

4 vs 4 Defense
   Defense                  Defense                  Time % Phy DF OF 
 1 John Carlson             Filip Hronek             55     1   2  2  
 2 Mattias Ekholm           Erik Johnson             45     1   2  2  

Last Minutes Offensive
   Center                   Left Wing                Right Wing               Defense                  Defense                  
   Aleksander Barkov        Jonathan Huberdeau       Sam Reinhart             John Carlson             Erik Johnson             

Last Minutes Defensive
   Center                   Left Wing                Right Wing               Defense                  Defense                  
   Aleksander Barkov        Jonathan Huberdeau       Sam Reinhart             John Carlson             Erik Johnson             

Goaltenders
Starting : Craig Anderson           
Backup : Andrei Vasilevskiy       

Extra Forwards
Normal : Jonathan Huberdeau, Jay Beagle, Aleksander Barkov - PP : Jonathan Huberdeau, Jay Beagle - PK : Jonathan Huberdeau
Extra Defensemen
Normal : Filip Hronek, Luca Sbisa, Mattias Ekholm - PP : Filip Hronek - PK : Luca Sbisa, Mattias Ekholm
Penalty Shots
Aleksander Barkov, Jonathan Huberdeau, Jamie Benn, Matt Duchene, Sam Reinhart
Custom OT Lines Forwards
Aleksander Barkov, Jonathan Huberdeau, Jamie Benn, Matt Duchene, Sam Reinhart, Alexander DeBrincat, Jay Beagle, Lars Eller, Colton Sissons, Justin Williams
Custom OT Lines Defensemen
John Carlson, Luca Sbisa, Mattias Ekholm, Erik Johnson, Filip Hronek

Scratches
Brock Boeser (Left Foot Injury), Ryan Suter (Bruised Left Shoulder Injury)

LAS VEGAS LIZARD KINGS

5 vs 5 Forward 
   Center                   Left Wing                Right Wing               Time % Phy DF OF 
 1 Ryan Nugent-Hopkins      Johnny Gaudreau          Victor Olofsson          38     0   1  4  
 2 Sean Monahan             Barclay Goodrow          Nino Niederreiter        32     0   2  3  
 3 Derek Ryan               Jeff Skinner             Bobby Ryan               22     0   2  3  
 4 Zemgus Girgensons        Drake Caggiula           Evan Rodrigues           8      1   3  1  

5 vs 5 Defense 
   Defense                  Defense                                           Time % Phy DF OF 
 1 Matt Niskanen            Brayden McNabb                                    45     1   2  2  
 2 Olli Maatta              John Marino                                       35     0   2  3  
 3 Matt Roy                 Mirco Mueller                                     20     1   2  2  
 4 Matt Niskanen            Brayden McNabb                                    0      1   2  2  

PowerPlay Forward 
   Center                   Left Wing                Right Wing               Time % Phy DF OF 
 1 Sean Monahan             Ryan Nugent-Hopkins      Victor Olofsson          75     0   0  5  
 2 Barclay Goodrow          Jeff Skinner             Nino Niederreiter        25     0   1  4  

PowerPlay Defense
   Defense                  Defense                                           Time % Phy DF OF 
 1 John Marino              Johnny Gaudreau                                   75     0   0  5  
 2 Olli Maatta              Matt Roy                                          25     0   1  4  

Penalty Kill 4 Players Forward 
   Center                   Wing                     Time % Phy DF OF 
 1 Barclay Goodrow          Drake Caggiula           60     0   5  0  
 2 Derek Ryan               Bobby Ryan               40     0   5  0  

Penalty Kill 4 Players Defense
   Defense                  Defense                  Time % Phy DF OF 
 1 Matt Niskanen            Brayden McNabb           55     0   5  0  
 2 Olli Maatta              John Marino              45     0   5  0  

Penalty Kill - 3 Players Forward 
   Forward                                           Time % Phy DF OF 
 1 Ryan Nugent-Hopkins                               55     1   2  2  
 2 Sean Monahan                                      45     1   2  2  

Penalty Kill - 3 Players Defense
   Defense                  Defense                  Time % Phy DF OF 
 1 Matt Roy                 Brayden McNabb           55     1   2  2  
 2 Olli Maatta              Mirco Mueller            45     1   2  2  

4 vs 4 Forward 
   Center                   Wing                     Time % Phy DF OF 
 1 Ryan Nugent-Hopkins      Evan Rodrigues           55     0   2  3  
 2 Sean Monahan             Barclay Goodrow          45     1   2  2  

4 vs 4 Defense
   Defense                  Defense                  Time % Phy DF OF 
 1 Matt Niskanen            Brayden McNabb           55     1   2  2  
 2 Olli Maatta              John Marino              45     1   2  2  

Last Minutes Offensive
   Center                   Left Wing                Right Wing               Defense                  Defense                  
   Ryan Nugent-Hopkins      Johnny Gaudreau          Victor Olofsson          Matt Niskanen            John Marino              

Last Minutes Defensive
   Center                   Left Wing                Right Wing               Defense                  Defense                  
   Ryan Nugent-Hopkins      Barclay Goodrow          Bobby Ryan               Matt Niskanen            Brayden McNabb           

Goaltenders
Starting : Alex Stalock             
Backup : Marc-Andre Fleury        

Extra Forwards
Normal : Barclay Goodrow, Derek Ryan, Bobby Ryan - PP : Jeff Skinner, Derek Ryan - PK : Bobby Ryan
Extra Defensemen
Normal : Matt Roy, Mirco Mueller, Olli Maatta - PP : Matt Roy - PK : Mirco Mueller, Olli Maatta
Penalty Shots
Ryan Nugent-Hopkins, Sean Monahan, Johnny Gaudreau, Victor Olofsson, Bobby Ryan
Custom OT Lines Forwards
Ryan Nugent-Hopkins, Sean Monahan, Johnny Gaudreau, Barclay Goodrow, Victor Olofsson, Nino Niederreiter, Jeff Skinner, Derek Ryan, Bobby Ryan, Zemgus Girgensons
Custom OT Lines Defensemen
Matt Niskanen, Brayden McNabb, John Marino, Olli Maatta, Matt Roy

Scratches
None


% Time on Ice - SACRAMENTO BANDITS

Lines # - Real PCT - Wanted PCT - Time Play
Normal Forward
1 - 34% - 36% - 17:07
2 - 28% - 31% - 14:21
3 - 24% - 23% - 12:04
4 - 14% - 10% - 7:08
Normal Defense
1 - 34% - 36% - 17:11
2 - 33% - 31% - 16:52
3 - 26% - 23% - 13:18
4 - 7% - 10% - 3:19
PP Forward
1 - 53% - 55% - 1:03
2 - 47% - 45% - 0:56
PP Defense
1 - 53% - 55% - 1:03
2 - 47% - 45% - 0:56
PK Forward
1 - 62% - 55% - 3:19
2 - 38% - 45% - 2:03
PK Defense
1 - 52% - 55% - 2:49
2 - 48% - 45% - 2:33
PK3 Forward
1 - 0% - 55%
2 - 0% - 45%
PK3 Defense
1 - 0% - 55%
2 - 0% - 45%
44 Forward
1 - 49% - 55% - 0:58
2 - 51% - 45% - 1:01
44 Defense
1 - 51% - 55% - 1:01
2 - 49% - 45% - 0:58
Last Minute Offensive  - 0:00
Last Minute Defensive  - 0:00
Total
Forward - 60:00
Defense - 60:00

% Time on Ice - LAS VEGAS LIZARD KINGS

Lines # - Real PCT - Wanted PCT - Time Play
Normal Forward
1 - 36% - 38% - 18:10
2 - 31% - 32% - 15:36
3 - 22% - 22% - 11:05
4 - 11% - 8% - 5:49
Normal Defense
1 - 39% - 45% - 19:59
2 - 33% - 35% - 16:36
3 - 28% - 20% - 14:05
4 - 0% - 0% - 0:00
PP Forward
1 - 55% - 75% - 2:57
2 - 45% - 25% - 2:25
PP Defense
1 - 66% - 75% - 3:31
2 - 34% - 25% - 1:51
PK Forward
1 - 87% - 60% - 1:44
2 - 13% - 40% - 0:15
PK Defense
1 - 73% - 55% - 1:27
2 - 27% - 45% - 0:32
PK3 Forward
1 - 0% - 55%
2 - 0% - 45%
PK3 Defense
1 - 0% - 55%
2 - 0% - 45%
44 Forward
1 - 100% - 55% - 1:59
2 - 0% - 45% - 0:00
44 Defense
1 - 74% - 55% - 1:28
2 - 26% - 45% - 0:31
Last Minute Offensive  - 0:00
Last Minute Defensive  - 0:00
Total
Forward - 60:00
Defense - 60:00

Play-by-Play

1st period


0:01 of 1st period - Lars Eller wins face-off versus Ryan Nugent-Hopkins in neutral zone.
0:22 of 1st period - Icing by John Carlson.
0:23 of 1st period - Sean Monahan wins face-off versus Lars Eller in SACRAMENTO BANDITS zone.
0:47 of 1st period - Olli Maatta is hit by Patrik Laine and loses puck.
1:24 of 1st period - Off-side.
1:25 of 1st period - Aleksander Barkov wins face-off versus Ryan Nugent-Hopkins in neutral zone.
2:30 of 1st period - Shot by Jeff Skinner.
2:30 of 1st period - Shot Misses the Net.
2:41 of 1st period - Bobby Ryan is hit by Mattias Ekholm and loses puck.
2:46 of 1st period - Shot by Bobby Ryan.
2:46 of 1st period - Shot Misses the Net.
2:48 of 1st period - Shot by Bobby Ryan.
2:48 of 1st period - Stopped by Craig Anderson without a rebound.
2:49 of 1st period - Zemgus Girgensons wins face-off versus Matt Duchene in SACRAMENTO BANDITS zone.
3:36 of 1st period - John Marino is hit by Josh Manson and loses puck.
3:49 of 1st period - Shot by Sean Monahan.
3:49 of 1st period - Goal by Sean Monahan - SACRAMENTO BANDITS : 0 - LAS VEGAS LIZARD KINGS : 1.
3:50 of 1st period - Jay Beagle wins face-off versus Nino Niederreiter in neutral zone.
4:13 of 1st period - Shot by Barclay Goodrow.
4:13 of 1st period - Stopped by Craig Anderson without a rebound.
4:14 of 1st period - Lars Eller wins face-off versus Ryan Nugent-Hopkins in SACRAMENTO BANDITS zone.
4:14 of 1st period - Lars Eller is hit by Johnny Gaudreau.
4:47 of 1st period - Johnny Gaudreau is hit by Mattias Ekholm and loses puck.
5:23 of 1st period - Shot by Matt Niskanen.
5:23 of 1st period - Shot Misses the Net.
5:57 of 1st period - Shot by Matt Duchene.
5:57 of 1st period - Stopped by Alex Stalock without a rebound.
5:58 of 1st period - Sean Monahan wins face-off versus Aleksander Barkov in LAS VEGAS LIZARD KINGS zone.
6:35 of 1st period - Shot by Aleksander Barkov.
6:35 of 1st period - Shot Misses the Net.
7:56 of 1st period - Shot by Matt Duchene.
7:56 of 1st period - Goal by Matt Duchene - SACRAMENTO BANDITS : 1 - LAS VEGAS LIZARD KINGS : 1.
7:57 of 1st period - Lars Eller wins face-off versus Derek Ryan in neutral zone.
8:08 of 1st period - Shot by Derek Ryan.
8:08 of 1st period - Stopped by Craig Anderson without a rebound.
8:09 of 1st period - Aleksander Barkov wins face-off versus Zemgus Girgensons in SACRAMENTO BANDITS zone.
8:28 of 1st period - Shot by Sam Reinhart.
8:28 of 1st period - Stopped by Alex Stalock without a rebound.
8:29 of 1st period - Matt Duchene wins face-off versus Ryan Nugent-Hopkins in LAS VEGAS LIZARD KINGS zone.
9:03 of 1st period - Icing by Luca Sbisa.
9:04 of 1st period - Derek Ryan wins face-off versus Matt Duchene in SACRAMENTO BANDITS zone.
9:23 of 1st period - Icing by Mirco Mueller.
9:24 of 1st period - Lars Eller wins face-off versus Derek Ryan in LAS VEGAS LIZARD KINGS zone.
10:23 of 1st period - Shot by Aleksander Barkov.
10:23 of 1st period - Stopped by Alex Stalock without a rebound.
10:24 of 1st period - Aleksander Barkov wins face-off versus Victor Olofsson in LAS VEGAS LIZARD KINGS zone.
10:37 of 1st period - Shot by Aleksander Barkov.
10:37 of 1st period - Deflect By Sam Reinhart.
10:37 of 1st period - Shot Blocked by Brayden McNabb.
10:39 of 1st period - Shot by Erik Johnson.
10:39 of 1st period - Shot Misses the Net.
10:47 of 1st period - Shot by Aleksander Barkov.
10:47 of 1st period - Shot Blocked by Matt Niskanen.
10:49 of 1st period - Shot by Aleksander Barkov.
10:49 of 1st period - Stopped by Alex Stalock without a rebound.
10:50 of 1st period - Jay Beagle wins face-off versus Barclay Goodrow in LAS VEGAS LIZARD KINGS zone.
10:50 of 1st period - Jay Beagle is hit by John Marino.
10:55 of 1st period - Icing by John Marino.
10:56 of 1st period - Sean Monahan wins face-off versus Matt Duchene in LAS VEGAS LIZARD KINGS zone.
11:12 of 1st period - Icing by John Carlson.
11:13 of 1st period - Matt Duchene wins face-off versus Ryan Nugent-Hopkins in SACRAMENTO BANDITS zone.
11:13 of 1st period - Matt Duchene is hit by Brayden McNabb.
11:51 of 1st period - Shot by Alexander DeBrincat.
11:51 of 1st period - Shot Misses the Net.
12:17 of 1st period - Shot by Sean Monahan.
12:17 of 1st period - Shot Blocked by Erik Johnson.
12:33 of 1st period - Shot by Aleksander Barkov.
12:33 of 1st period - Shot Misses the Net.
12:36 of 1st period - Icing by Sean Monahan.
12:37 of 1st period - Lars Eller wins face-off versus Sean Monahan in LAS VEGAS LIZARD KINGS zone.
12:40 of 1st period - Shot by Patrik Laine.
12:40 of 1st period - Stopped by Alex Stalock without a rebound.
12:41 of 1st period - Zemgus Girgensons wins face-off versus Lars Eller in LAS VEGAS LIZARD KINGS zone.
12:49 of 1st period - Off-side.
12:50 of 1st period - Lars Eller wins face-off versus Victor Olofsson in neutral zone.
13:02 of 1st period - Icing by Brayden McNabb.
13:03 of 1st period - Aleksander Barkov wins face-off versus Ryan Nugent-Hopkins in LAS VEGAS LIZARD KINGS zone.
13:16 of 1st period - Shot by Ryan Nugent-Hopkins.
13:16 of 1st period - Shot Misses the Net.
13:18 of 1st period - Shot by Matt Niskanen.
13:18 of 1st period - Shot Misses the Net.
13:20 of 1st period - Shot by Brayden McNabb.
13:20 of 1st period - Shot Misses the Net.
13:22 of 1st period - Shot by Brayden McNabb.
13:22 of 1st period - Deflect By Ryan Nugent-Hopkins.
13:22 of 1st period - Shot Misses the Net.
13:28 of 1st period - Shot by Johnny Gaudreau.
13:28 of 1st period - Stopped by Craig Anderson without a rebound.
13:29 of 1st period - Lars Eller wins face-off versus Sean Monahan in SACRAMENTO BANDITS zone.
14:14 of 1st period - Shot by Lars Eller.
14:14 of 1st period - Shot Blocked by Olli Maatta.
14:16 of 1st period - Shot by Filip Hronek.
14:16 of 1st period - Stopped by Alex Stalock with a rebound.
15:47 of 1st period - Off-side.
15:48 of 1st period - Matt Duchene wins face-off versus Jeff Skinner in neutral zone.
15:55 of 1st period - Derek Ryan is hit by Colton Sissons and loses puck.
17:54 of 1st period - Shot by Jay Beagle.
17:54 of 1st period - Shot Blocked by Matt Roy.
18:08 of 1st period - Shot by Nicolas Aube-Kubel.
18:08 of 1st period - Shot Blocked by Mirco Mueller.
18:10 of 1st period - Shot by Erik Johnson.
18:10 of 1st period - Shot Misses the Net.
18:12 of 1st period - Shot by Mattias Ekholm.
18:12 of 1st period - Shot Misses the Net.
18:14 of 1st period - Shot by Erik Johnson.
18:14 of 1st period - Shot Misses the Net.
18:47 of 1st period - Shot by Sam Reinhart.
18:47 of 1st period - Stopped by Alex Stalock without a rebound.
18:48 of 1st period - Ryan Nugent-Hopkins wins face-off versus Matt Duchene in LAS VEGAS LIZARD KINGS zone.
19:30 of 1st period - Ryan Nugent-Hopkins is hit by John Carlson.
Goals for this period are 1 for SACRAMENTO BANDITS vs 1 for LAS VEGAS LIZARD KINGS.
Shots for this period are 8 for SACRAMENTO BANDITS vs 5 for LAS VEGAS LIZARD KINGS.

2nd period


0:01 of 2nd period - Lars Eller wins face-off versus Sean Monahan in neutral zone.
0:08 of 2nd period - Shot by Patrik Laine.
0:08 of 2nd period - Stopped by Alex Stalock without a rebound.
0:09 of 2nd period - Lars Eller wins face-off versus Ryan Nugent-Hopkins in LAS VEGAS LIZARD KINGS zone.
0:42 of 2nd period - Shot by Ryan Nugent-Hopkins.
0:42 of 2nd period - Stopped by Craig Anderson without a rebound.
0:43 of 2nd period - Sean Monahan wins face-off versus Aleksander Barkov in SACRAMENTO BANDITS zone.
1:41 of 2nd period - Icing by Lars Eller.
1:42 of 2nd period - Lars Eller wins face-off versus Ryan Nugent-Hopkins in SACRAMENTO BANDITS zone.
1:49 of 2nd period - Shot by Lars Eller.
1:49 of 2nd period - Stopped by Alex Stalock with a rebound.
2:05 of 2nd period - Shot by Jonathan Huberdeau.
2:05 of 2nd period - Shot Misses the Net.
2:07 of 2nd period - Shot by Mattias Ekholm.
2:07 of 2nd period - Stopped by Alex Stalock without a rebound.
2:08 of 2nd period - Zemgus Girgensons wins face-off versus Jay Beagle in LAS VEGAS LIZARD KINGS zone.
2:08 of 2nd period - Zemgus Girgensons is hit by Nicolas Aube-Kubel.
2:22 of 2nd period - Shot by Drake Caggiula.
2:22 of 2nd period - Stopped by Craig Anderson with a rebound.
2:42 of 2nd period - Shot by John Carlson.
2:42 of 2nd period - Stopped by Alex Stalock with a rebound.
3:22 of 2nd period - Shot by Ryan Nugent-Hopkins.
3:22 of 2nd period - Shot Misses the Net.
3:24 of 2nd period - Shot by Brayden McNabb.
3:24 of 2nd period - Shot Blocked by Lars Eller.
3:26 of 2nd period - Shot by Ryan Nugent-Hopkins.
3:26 of 2nd period - Deflect By Victor Olofsson.
3:26 of 2nd period - Shot Misses the Net.
4:14 of 2nd period - Shot by Sean Monahan.
4:14 of 2nd period - Shot Misses the Net.
4:16 of 2nd period - Shot by Barclay Goodrow.
4:16 of 2nd period - Shot Misses the Net.
4:18 of 2nd period - Shot by Barclay Goodrow.
4:18 of 2nd period - Stopped by Craig Anderson with a rebound.
4:24 of 2nd period - Shot by Sean Monahan.
4:24 of 2nd period - Stopped by Craig Anderson with a rebound.
4:26 of 2nd period - Shot by Sean Monahan.
4:26 of 2nd period - Shot Misses the Net.
4:28 of 2nd period - Shot by Barclay Goodrow.
4:28 of 2nd period - Shot Misses the Net.
4:30 of 2nd period - Shot by Barclay Goodrow.
4:30 of 2nd period - Stopped by Craig Anderson with a rebound.
4:36 of 2nd period - Shot by Sean Monahan.
4:36 of 2nd period - Stopped by Craig Anderson without a rebound.
4:37 of 2nd period - Aleksander Barkov wins face-off versus Derek Ryan in SACRAMENTO BANDITS zone.
4:52 of 2nd period - Shot by Jeff Skinner.
4:52 of 2nd period - Deflect By Bobby Ryan.
4:52 of 2nd period - Stopped by Craig Anderson with a rebound.
4:55 of 2nd period - Minor Penalty to Filip Hronek for Tripping.
4:56 of 2nd period - Sean Monahan wins face-off versus Aleksander Barkov in SACRAMENTO BANDITS zone.
5:29 of 2nd period - Shot by Johnny Gaudreau.
5:29 of 2nd period - Stopped by Craig Anderson without a rebound.
5:30 of 2nd period - Lars Eller wins face-off versus Jeff Skinner in SACRAMENTO BANDITS zone.
5:57 of 2nd period - Shot by Nino Niederreiter.
5:57 of 2nd period - Shot Misses the Net.
6:56 of 2nd period - Ryan Nugent-Hopkins is hit by Filip Hronek and loses puck.
7:32 of 2nd period - Shot by Nicolas Aube-Kubel.
7:32 of 2nd period - Stopped by Alex Stalock without a rebound.
7:33 of 2nd period - Derek Ryan wins face-off versus Matt Duchene in LAS VEGAS LIZARD KINGS zone.
7:35 of 2nd period - Icing by Bobby Ryan.
7:36 of 2nd period - Derek Ryan wins face-off versus Lars Eller in LAS VEGAS LIZARD KINGS zone.
7:43 of 2nd period - Shot by Jeff Skinner.
7:43 of 2nd period - Stopped by Craig Anderson with a rebound.
8:02 of 2nd period - Patrik Laine is hit by Matt Roy and loses puck.
8:09 of 2nd period - Shot by Patrik Laine.
8:09 of 2nd period - Stopped by Alex Stalock with a rebound.
8:11 of 2nd period - Shot by Lars Eller.
8:11 of 2nd period - Stopped by Alex Stalock without a rebound.
8:12 of 2nd period - Aleksander Barkov wins face-off versus Johnny Gaudreau in LAS VEGAS LIZARD KINGS zone.
8:12 of 2nd period - Aleksander Barkov is hit by Matt Niskanen.
8:26 of 2nd period - Shot by Ryan Nugent-Hopkins.
8:26 of 2nd period - Stopped by Craig Anderson without a rebound.
8:27 of 2nd period - Matt Duchene wins face-off versus Sean Monahan in SACRAMENTO BANDITS zone.
8:27 of 2nd period - Matt Duchene is hit by Barclay Goodrow.
8:36 of 2nd period - Off-side.
8:37 of 2nd period - Ryan Nugent-Hopkins wins face-off versus Aleksander Barkov in neutral zone.
8:37 of 2nd period - Minor Penalty to Jamie Benn for Tripping.
8:38 of 2nd period - Sean Monahan wins face-off versus Lars Eller in SACRAMENTO BANDITS zone.
9:10 of 2nd period - Shot by Victor Olofsson.
9:10 of 2nd period - Goal by Victor Olofsson - SACRAMENTO BANDITS : 1 - LAS VEGAS LIZARD KINGS : 2.
9:11 of 2nd period - Jamie Benn wins face-off versus Zemgus Girgensons in neutral zone.
9:17 of 2nd period - Minor Penalty to Brayden McNabb for Holding.
9:18 of 2nd period - Barclay Goodrow wins face-off versus Matt Duchene in LAS VEGAS LIZARD KINGS zone.
9:18 of 2nd period - Barclay Goodrow is hit by Sam Reinhart.
9:44 of 2nd period - Shot by Alexander DeBrincat.
9:44 of 2nd period - Shot Blocked by Barclay Goodrow.
9:46 of 2nd period - Shot by Mattias Ekholm.
9:46 of 2nd period - Stopped by Alex Stalock without a rebound.
9:47 of 2nd period - Aleksander Barkov wins face-off versus Barclay Goodrow in LAS VEGAS LIZARD KINGS zone.
11:34 of 2nd period - Shot by Ryan Nugent-Hopkins.
11:34 of 2nd period - Stopped by Craig Anderson without a rebound.
11:35 of 2nd period - Matt Duchene wins face-off versus Ryan Nugent-Hopkins in SACRAMENTO BANDITS zone.
11:40 of 2nd period - John Marino is hit by Matt Duchene and loses puck.
11:55 of 2nd period - Shot by Matt Duchene.
11:55 of 2nd period - Shot Blocked by John Marino.
12:05 of 2nd period - Shot by Matt Duchene.
12:05 of 2nd period - Stopped by Alex Stalock without a rebound.
12:06 of 2nd period - Sean Monahan wins face-off versus Aleksander Barkov in LAS VEGAS LIZARD KINGS zone.
12:13 of 2nd period - Shot by Aleksander Barkov.
12:13 of 2nd period - Shot Misses the Net.
12:15 of 2nd period - Shot by Jamie Benn.
12:15 of 2nd period - Goal by Jamie Benn - SACRAMENTO BANDITS : 2 - LAS VEGAS LIZARD KINGS : 2.
12:16 of 2nd period - Sean Monahan wins face-off versus Lars Eller in neutral zone.
12:16 of 2nd period - Barclay Goodrow is hit by Jonathan Huberdeau and loses puck.
12:21 of 2nd period - Mirco Mueller is hit by Patrik Laine and loses puck.
12:43 of 2nd period - Lars Eller is hit by Matt Roy and loses puck.
13:00 of 2nd period - Lars Eller is hit by Mirco Mueller and loses puck.
13:34 of 2nd period - Off-side.
13:35 of 2nd period - Matt Duchene wins face-off versus Derek Ryan in neutral zone.
14:40 of 2nd period - Ryan Nugent-Hopkins is hit by Jamie Benn and loses puck.
15:14 of 2nd period - Shot by Aleksander Barkov.
15:14 of 2nd period - Shot Misses the Net.
15:41 of 2nd period - Shot by Patrik Laine.
15:41 of 2nd period - Stopped by Alex Stalock with a rebound.
15:43 of 2nd period - Shot by Erik Johnson.
15:43 of 2nd period - Stopped by Alex Stalock without a rebound.
15:44 of 2nd period - Jay Beagle wins face-off versus Sean Monahan in LAS VEGAS LIZARD KINGS zone.
15:44 of 2nd period - Jay Beagle is hit by Olli Maatta.
15:55 of 2nd period - Jay Beagle is hit by John Marino and loses puck.
16:05 of 2nd period - Jay Beagle is hit by Olli Maatta and loses puck.
17:04 of 2nd period - Shot by Lars Eller.
17:04 of 2nd period - Shot Misses the Net.
17:10 of 2nd period - Shot by Jonathan Huberdeau.
17:10 of 2nd period - Shot Misses the Net.
17:12 of 2nd period - Shot by Lars Eller.
17:12 of 2nd period - Shot Misses the Net.
17:14 of 2nd period - Shot by Lars Eller.
17:14 of 2nd period - Shot Misses the Net.
17:52 of 2nd period - Minor Penalty to John Marino for Roughing.
17:52 of 2nd period - Minor Penalty to Jamie Benn for Cross-checking.
17:53 of 2nd period - Aleksander Barkov wins face-off versus Ryan Nugent-Hopkins in LAS VEGAS LIZARD KINGS zone.
18:08 of 2nd period - Shot by Ryan Nugent-Hopkins.
18:08 of 2nd period - Shot Hit the Post.
18:10 of 2nd period - Shot by Brayden McNabb.
18:10 of 2nd period - Shot Blocked by Mattias Ekholm.
18:12 of 2nd period - Shot by Ryan Nugent-Hopkins.
18:12 of 2nd period - Shot Blocked by Mattias Ekholm.
18:14 of 2nd period - Shot by Ryan Nugent-Hopkins.
18:14 of 2nd period - Goal by Ryan Nugent-Hopkins - SACRAMENTO BANDITS : 2 - LAS VEGAS LIZARD KINGS : 3.
18:15 of 2nd period - Ryan Nugent-Hopkins wins face-off versus Lars Eller in neutral zone.
18:32 of 2nd period - Shot by Ryan Nugent-Hopkins.
18:32 of 2nd period - Shot Misses the Net.
18:34 of 2nd period - Shot by Ryan Nugent-Hopkins.
18:34 of 2nd period - Shot Misses the Net.
18:36 of 2nd period - Shot by Matt Niskanen.
18:36 of 2nd period - Shot Misses the Net.
18:38 of 2nd period - Shot by Ryan Nugent-Hopkins.
18:38 of 2nd period - Shot Misses the Net.
18:40 of 2nd period - Shot by Ryan Nugent-Hopkins.
18:40 of 2nd period - Shot Misses the Net.
18:42 of 2nd period - Shot by Brayden McNabb.
18:42 of 2nd period - Shot Misses the Net.
18:44 of 2nd period - Shot by Ryan Nugent-Hopkins.
18:44 of 2nd period - Goal by Ryan Nugent-Hopkins - SACRAMENTO BANDITS : 2 - LAS VEGAS LIZARD KINGS : 4.
18:44 of 2nd period - Andrei Vasilevskiy enters game.
18:45 of 2nd period - Aleksander Barkov wins face-off versus Ryan Nugent-Hopkins in neutral zone.
19:20 of 2nd period - Shot by Jonathan Huberdeau.
19:20 of 2nd period - Stopped by Alex Stalock without a rebound.
19:21 of 2nd period - Bobby Ryan wins face-off versus Lars Eller in LAS VEGAS LIZARD KINGS zone.
Goals for this period are 1 for SACRAMENTO BANDITS vs 3 for LAS VEGAS LIZARD KINGS.
Shots for this period are 13 for SACRAMENTO BANDITS vs 14 for LAS VEGAS LIZARD KINGS.

3rd period


0:01 of 3rd period - Ryan Nugent-Hopkins wins face-off versus Aleksander Barkov in neutral zone.
0:30 of 3rd period - Shot by Aleksander Barkov.
0:30 of 3rd period - Stopped by Alex Stalock without a rebound.
0:31 of 3rd period - Lars Eller wins face-off versus Sean Monahan in LAS VEGAS LIZARD KINGS zone.
0:43 of 3rd period - Shot by Jonathan Huberdeau.
0:43 of 3rd period - Stopped by Alex Stalock without a rebound.
0:44 of 3rd period - Matt Duchene wins face-off versus Derek Ryan in LAS VEGAS LIZARD KINGS zone.
0:44 of 3rd period - Alexander DeBrincat is hit by Matt Roy.
1:39 of 3rd period - Luca Sbisa is hit by Victor Olofsson and loses puck.
1:52 of 3rd period - Brayden McNabb is hit by Colton Sissons and loses puck.
2:08 of 3rd period - Icing by Brayden McNabb.
2:09 of 3rd period - Ryan Nugent-Hopkins wins face-off versus Aleksander Barkov in LAS VEGAS LIZARD KINGS zone.
2:15 of 3rd period - Ryan Nugent-Hopkins is hit by Filip Hronek and loses puck.
3:48 of 3rd period - Shot by Patrik Laine.
3:48 of 3rd period - Stopped by Alex Stalock with a rebound.
3:50 of 3rd period - Shot by Mattias Ekholm.
3:50 of 3rd period - Stopped by Alex Stalock with a rebound.
3:55 of 3rd period - Icing by Olli Maatta.
3:56 of 3rd period - Sean Monahan wins face-off versus Jay Beagle in LAS VEGAS LIZARD KINGS zone.
4:23 of 3rd period - Shot by Nicolas Aube-Kubel.
4:23 of 3rd period - Deflect By Justin Williams.
4:23 of 3rd period - Stopped by Alex Stalock without a rebound.
4:24 of 3rd period - Lars Eller wins face-off versus Zemgus Girgensons in LAS VEGAS LIZARD KINGS zone.
4:32 of 3rd period - Patrik Laine is hit by Matt Roy and loses puck.
4:39 of 3rd period - Shot by Evan Rodrigues.
4:39 of 3rd period - Shot Blocked by Mattias Ekholm.
4:45 of 3rd period - Shot by Zemgus Girgensons.
4:45 of 3rd period - Stopped by Andrei Vasilevskiy without a rebound.
4:46 of 3rd period - Matt Duchene wins face-off versus Derek Ryan in SACRAMENTO BANDITS zone.
4:51 of 3rd period - Shot by Matt Duchene.
4:51 of 3rd period - Stopped by Alex Stalock without a rebound.
4:52 of 3rd period - Aleksander Barkov wins face-off versus Ryan Nugent-Hopkins in LAS VEGAS LIZARD KINGS zone.
6:10 of 3rd period - Shot by Patrik Laine.
6:10 of 3rd period - Stopped by Alex Stalock without a rebound.
6:11 of 3rd period - Matt Duchene wins face-off versus Derek Ryan in LAS VEGAS LIZARD KINGS zone.
6:48 of 3rd period - Shot by Alexander DeBrincat.
6:48 of 3rd period - Stopped by Alex Stalock without a rebound.
6:49 of 3rd period - Sean Monahan wins face-off versus Lars Eller in LAS VEGAS LIZARD KINGS zone.
6:49 of 3rd period - Sean Monahan is hit by Lars Eller.
7:25 of 3rd period - Sean Monahan is hit by Erik Johnson and loses puck.
7:32 of 3rd period - Shot by Sean Monahan.
7:32 of 3rd period - Shot Blocked by Mattias Ekholm.
9:00 of 3rd period - Shot by Matt Duchene.
9:00 of 3rd period - Stopped by Alex Stalock without a rebound.
9:01 of 3rd period - Jay Beagle wins face-off versus Zemgus Girgensons in LAS VEGAS LIZARD KINGS zone.
9:01 of 3rd period - Nicolas Aube-Kubel is hit by Olli Maatta and loses puck.
10:05 of 3rd period - Sean Monahan is hit by Josh Manson and loses puck.
10:18 of 3rd period - Icing by Josh Manson.
10:19 of 3rd period - Lars Eller wins face-off versus Derek Ryan in SACRAMENTO BANDITS zone.
10:25 of 3rd period - Off-side.
10:26 of 3rd period - Aleksander Barkov wins face-off versus Ryan Nugent-Hopkins in neutral zone.
10:37 of 3rd period - Shot by Jamie Benn.
10:37 of 3rd period - Goal by Jamie Benn - SACRAMENTO BANDITS : 3 - LAS VEGAS LIZARD KINGS : 4.
10:38 of 3rd period - Matt Duchene wins face-off versus Sean Monahan in neutral zone.
10:38 of 3rd period - Matt Duchene is hit by Barclay Goodrow.
10:48 of 3rd period - Shot by Matt Duchene.
10:48 of 3rd period - Shot Blocked by Matt Niskanen.
12:28 of 3rd period - Shot by Patrik Laine.
12:28 of 3rd period - Shot Misses the Net.
12:30 of 3rd period - Shot by Lars Eller.
12:30 of 3rd period - Shot Misses the Net.
13:04 of 3rd period - Icing by Filip Hronek.
13:05 of 3rd period - Lars Eller wins face-off versus Sean Monahan in SACRAMENTO BANDITS zone.
13:28 of 3rd period - Shot by Sean Monahan.
13:28 of 3rd period - Stopped by Andrei Vasilevskiy with a rebound.
13:37 of 3rd period - Minor Penalty to Josh Manson for Hooking.
13:38 of 3rd period - Sean Monahan wins face-off versus Lars Eller in SACRAMENTO BANDITS zone.
14:36 of 3rd period - Icing by Olli Maatta.
14:37 of 3rd period - Barclay Goodrow wins face-off versus Jonathan Huberdeau in LAS VEGAS LIZARD KINGS zone.
15:01 of 3rd period - Icing by Matt Roy.
15:02 of 3rd period - Aleksander Barkov wins face-off versus Barclay Goodrow in LAS VEGAS LIZARD KINGS zone.
16:36 of 3rd period - Shot by Alexander DeBrincat.
16:36 of 3rd period - Stopped by Alex Stalock with a rebound.
16:40 of 3rd period - Shot by Matt Duchene.
16:40 of 3rd period - Shot Misses the Net.
17:05 of 3rd period - Icing by Erik Johnson.
17:06 of 3rd period - Matt Duchene wins face-off versus Ryan Nugent-Hopkins in SACRAMENTO BANDITS zone.
17:06 of 3rd period - Matt Duchene is hit by Johnny Gaudreau.
17:12 of 3rd period - Shot by Colton Sissons.
17:12 of 3rd period - Shot Blocked by John Marino.
17:15 of 3rd period - Icing by Ryan Nugent-Hopkins.
17:16 of 3rd period - Aleksander Barkov wins face-off versus Ryan Nugent-Hopkins in LAS VEGAS LIZARD KINGS zone.
17:23 of 3rd period - Aleksander Barkov is hit by Ryan Nugent-Hopkins.
17:54 of 3rd period - John Marino is hit by Jamie Benn and loses puck.
18:12 of 3rd period - Off-side.
18:13 of 3rd period - Lars Eller wins face-off versus Sean Monahan in neutral zone.
18:43 of 3rd period - Icing by Mattias Ekholm.
18:44 of 3rd period - Derek Ryan wins face-off versus Lars Eller in SACRAMENTO BANDITS zone.
18:44 of 3rd period - Matt Niskanen is hit by Erik Johnson and loses puck.
19:07 of 3rd period - Shot by Jeff Skinner.
19:07 of 3rd period - Stopped by Andrei Vasilevskiy with a rebound.
19:08 of 3rd period - Minor Penalty to Erik Johnson for Tripping.
19:09 of 3rd period - Sean Monahan wins face-off versus Aleksander Barkov in SACRAMENTO BANDITS zone.
19:23 of 3rd period - Shot by Ryan Nugent-Hopkins.
19:23 of 3rd period - Shot Misses the Net.
19:25 of 3rd period - Shot by John Marino.
19:25 of 3rd period - Stopped by Andrei Vasilevskiy without a rebound.
19:26 of 3rd period - Lars Eller wins face-off versus Barclay Goodrow in SACRAMENTO BANDITS zone.
19:56 of 3rd period - Icing by John Marino.
19:57 of 3rd period - Lars Eller wins face-off versus Barclay Goodrow in LAS VEGAS LIZARD KINGS zone.
Goals for this period are 1 for SACRAMENTO BANDITS vs 0 for LAS VEGAS LIZARD KINGS.
Shots for this period are 11 for SACRAMENTO BANDITS vs 4 for LAS VEGAS LIZARD KINGS.


NATHAN
MACKINNON
PHILLIP
DANAULT
CONNOR
MCDAVID

EAST COAST

HOCKEY LEAGUE

  • 25.QUE4CHI5
  • 26.CHA2LIM3
  • 27.TRV2LON3
  • 28.CHW4BAL2
  • 29.PITMAN
  • 30.ATLNHW
  • 31.WORPET
  • 32.RHI